 Dungeon Crawl Stone Soup version 0.30-a0-591-g3c58d2bc28 (webtiles) character file.

Game seed: 4361666863240554086

14390 Newt the Prestidigitator (level 11, -9/86 HPs)
             Began as a Demonspawn Gladiator on Jan 4, 2023.
             Was a High Priest of Wu Jian.
             Killed by divine providence
             ... invoked by a meliai
              (15 damage)
             ... on level 12 of the Dungeon.
             The game lasted 00:11:48 (10411 turns).

Newt the Prestidigitator (Demonspawn Gladiator)    Turns: 10411, Time: 00:11:48

Health: -9/86      AC: 18    Str: 26    XL:     11   Next: 88%
Magic:  14/18      EV: 19    Int: 16    God:    Wu Jian [*****.]
Gold:   426        SH:  5    Dex: 17    Spells: 18/20 levels left

rFire   . . .      SeeInvis .    U - +9 staff of Olgreb {rPois∞}
rCold   . . .      Faith    .    (no shield)
rNeg    . . .      Spirit   .    v - +3 scale mail of Wu Jian's Regard {Harm Int+7}
rPois   ∞          Reflect  +    f - +1 hat
rElec   .          Harm     +    u - +2 cloak {Will+}
rCorr   .          Rampage  .    j - +2 pair of gloves {Dex+3}
Will    +....                    (no boots)
Stlth   +                        Q - amulet of reflection
HPRegen 0.34/turn                k - +6 ring of strength
MPRegen 0.16/turn                B - +5 ring of evasion

@: radiating poison
A: horns 2, ignite blood 1, sharp scales 1, demonic magic 2
a: Renounce Religion, Evoke the Staff of Olgreb, Wall Jump, Serpent's Lash,
Heavenly Storm


You were on level 12 of the Dungeon.
You worshipped Wu Jian.
Wu Jian was extremely pleased with you.
You visited 1 branch of the dungeon, and saw 12 of its levels.
You also visited: Ossuary.

You collected 787 gold pieces.
You spent 361 gold pieces at shops.

Inventory:

Hand Weapons
 a - a +0 rapier
 i - a +0 dagger of electrocution
 l - a +3 spear of protection
 U - the +9 staff of Olgreb (weapon) {rPois∞}
   (You found it on level 9 of the Dungeon)

   If the wielder is skilled in Evocations, they can envenom those struck by it,
   dealing poison damage which bypasses armour.
   It enhances your poison magic.
   It grants immunity to poison.
   It can be activated via the 'a'bility menu to radiate toxic energy, with
   effectiveness depending on Evocations skill.
Missiles
 d - 3 throwing nets
 e - 4 javelins
 n - 21 poisoned darts
Armour
 b - a +0 leather armour
 c - a +0 helmet
 f - a +1 hat (worn)
 j - a +2 pair of gloves of dexterity (worn)
 u - a +2 cloak of willpower (worn)
 v - the +3 scale mail of Wu Jian's Regard (worn) {Harm Int+7}
   (You found it on level 4 of the Dungeon)

   Int:       It affects your intelligence (+7).
   Harm:      It increases damage dealt and taken.
 R - a scarf of invisibility
Jewellery
 k - a +6 ring of strength (left hand)
 y - a +6 ring of dexterity
 B - a +5 ring of evasion (right hand)
 L - a ring of willpower
 M - a ring of willpower
 Q - an amulet of reflection (around neck)
 S - an amulet of magic regeneration
Wands
 r - a wand of roots (5)
 s - a wand of polymorph (19)
 C - a wand of acid (7)
 H - a wand of charming (26)
Scrolls
 p - 2 scrolls of blinking
 t - 2 scrolls of magic mapping
 w - 7 scrolls of teleportation
 G - 2 scrolls of immolation
 I - 2 scrolls of fog
 J - 2 scrolls of enchant weapon
 K - a scroll of poison
 N - a scroll of summoning {unknown}
 O - a scroll of vulnerability {unknown}
 P - 2 scrolls of identify
 T - 2 scrolls of amnesia
 V - 2 scrolls of enchant armour {unknown}
 W - a scroll of silence {unknown}
 X - a scroll of torment {unknown}
 Y - a scroll of brand weapon
Potions
 g - 5 potions of brilliance
 h - 2 potions of mutation {unknown}
 m - a potion of might
 o - 2 potions of attraction
 q - 3 potions of flight
 x - a potion of invisibility
 z - 3 potions of heal wounds
 A - 5 potions of curing
 D - a potion of haste
 E - 3 potions of lignification
 F - 2 potions of degeneration


   Skills:
 - Level 8.0 Fighting
 - Level 2.6 Short Blades
 - Level 8.0 Polearms
 - Level 1.7 Throwing
 - Level 5.0 Armour
 - Level 8.0 Dodging
 - Level 2.0 Stealth
 - Level 5.0 Spellcasting
 - Level 5.0 Poison Magic
 + Level 9.1 Evocations


You had 18 spell levels left.
You knew the following spells:

 Your Spells              Type           Power      Damage    Failure   Level
a - Poisonous Vapours     Pois/Air       36%        N/A       19%         2

Your spell library contained the following spells:

 Spells                   Type           Power      Damage    Failure   Level
 Cigotuvi's Dreadful Rot  Necr/Pois/Air  26%        N/A       26%         2
 Kiss of Death            Conj/Necr      16%        2d6       32%         1
 Scorch                   Fire           8%         2d5       45%         2
 Mephitic Cloud           Conj/Pois/Air  13%        N/A       45%         3
 Confusing Touch          Hex            4%         N/A       69%         3
 Kindle Blastsparks       Fire/Tloc/Air  8%         2d10      69%         3
 Dispel Undead            Necr           4%         3d7       97%         4
 Flame Wave               Conj/Fire      4%         2d5       97%         4
 Fulminant Prism          Conj/Hex       2%         3d5       97%         4
 Iskenderun's Mystic Bla  Conj/Tloc      4%         2d3       97%         4
 Lee's Rapid Deconstruct  Erth           2%         3d4*      100%        5
 Summon Cactus Giant      Summ           2%         N/A       100%        6


Dungeon Overview and Level Annotations

Branches:
Dungeon (12/15)            Temple (0/1) D:6            Lair (0/5) D:8
    Orc (0/2) D:11        Ossuary (visited)

Altars:
Cheibriados
Fedhas
Kikubaaqudgha
Wu Jian
Yredelemnul

Shops:
D:2 *   D:7 *   D:8 =   D:11 [

Annotations:
D:9 1 runed translucent door
D:12 2 runed translucent doors


Innate Abilities, Weirdness & Mutations

You have a pair of horns on your head.
Your demonic aura sometimes causes spilled blood to erupt in flames.
You are partially covered in razor-sharp scales. (AC +1, Slay +1)
Spells you cast may paralyse nearby enemies.


Message History

There is a stone staircase leading down here.
You climb downwards.
The azure jelly quivers.
The meliai buzzes angrily. x3
Found a short sword.
Found a runed translucent gate.
There is a stone staircase leading up here.
There are monsters nearby!
Casting: Olgreb's Toxic Radiance
Press: ? - help, Q - select action, (/) - cycle Dir - look around, f - activate You begin to radiate toxic energy.
The meliai is poisoned. x3
The meliai looks even sicker.
You block the meliai's attack. The meliai misses you.
The meliai invokes the aid of its god against you.
Something smites you! The meliai closely misses you. The meliai stings you!
The meliai mumbles some strange prayers to its god against you.
Something smites you!
You thump the meliai!
You kill the meliai!
The Council accepts your kill.
The meliai looks even sicker.
The meliai invokes the aid of its god against you.
Something smites you!
The meliai calls down the wrath of its god upon you.
Something smites you!
The meliai hits you with a +0 broad axe.
* * * LOW HITPOINT WARNING * * *
The meliai completely misses you.
You are too injured to fight recklessly!
You are too injured to fight recklessly!
You hit the meliai.
The meliai is heavily wounded.
The meliai looks even sicker. x2
You kill the meliai!
The Council accepts your kill.
The meliai invokes the aid of its god against you.
Something smites you!
* * * LOW HITPOINT WARNING * * *
The meliai mumbles some strange prayers to its god against you.
Something smites you!
You die...

# #####.
...)..###
........#
#...))@#
#.....y..#
#......###
#.......
#...###..
.... ...+
#.. #..+
## ...#J


You could see an azure jelly and a meliai (very poisoned).

Vanquished Creatures
  2 two-headed ogres (D:11)
  2 wolf spiders (D:9)
  2 black mambas (D:9)
  A gargoyle (D:11)
  2 hornets (D:9)
  2 trolls
  2 meliai (D:12)
  Sigmund (D:4)
  2 shadows
  A wyvern (D:10)
  21 yaks
  3 basilisks (D:8)
  8 redbacks (D:9)
  2 steam dragons (D:9)
  8 water moccasins
  2 acid dragons
  4 orc warriors
  A black bear (D:5)
  4 centaurs
  An ogre (D:5)
  5 elf zombies (Ossuary)
  3 kobold brigands
  A phantom (D:6)
  4 bullfrogs
  A gnoll sergeant (D:6)
  A necrophage (D:5)
  3 scorpions
  16 killer bees
  3 electric eels (D:8)
  A centaur zombie (Ossuary)
  2 jellies (D:7)
  3 orc priests
  5 hounds
  6 human zombies (Ossuary)
  Crazy Yiuf (D:3)
  A gnoll bouda (D:6)
  Jessica (D:3)
  2 iguanas
  8 orc wizards
  3 mummies (Ossuary)
  Robin (D:4)
  16 gnolls
  5 adders
  2 shadow imps
  An ufetubus (D:5)
  A worm (D:2)
  2 dart slugs
  32 orcs
  6 endoplasms
  A giant cockroach (D:4)
  12 goblins
  17 hobgoblins
  4 jackals (D:2)
  3 quokkas
  9 ball pythons
  7 bats
  4 frilled lizards
  15 kobolds
  6 rats
285 creatures vanquished.

Vanquished Creatures (others)
  A quokka (D:9)
  6 plants (D:8)
7 creatures vanquished.

Grand Total: 292 creatures vanquished

Notes
Turn   | Place    | Note
-------+----------+-------------------------------------------
     0 | D:1      | Newt the Demonspawn Gladiator began the quest for the Orb.
     0 | D:1      | Reached XP level 1. HP: 16/16 MP: 1/1
   109 | D:1      | Reached skill level 1 in Stealth
   439 | D:1      | Gained mutation: Spells you cast may paralyse adjacent
                  | enemies. [demonic ancestry]
   439 | D:1      | Reached XP level 2. HP: 22/22 MP: 2/2
  1009 | D:1      | Reached XP level 3. HP: 28/28 MP: 3/3
  1144 | D:2      | Found a faded altar of an unknown god.
  1155 | D:2      | Prayed at the altar of an unknown god.
  1155 | D:2      | Became a worshipper of the Wu Jian Council
  1155 | D:2      | Reached * piety under Wu Jian
  1603 | D:2      | Gained mutation: You have a pair of small horns on your
                  | head. [demonic ancestry]
  1603 | D:2      | Reached XP level 4. HP: 37/37 MP: 4/4
  1777 | D:2      | Found Jumotepa's Assorted Antiques.
  1786 | D:2      | Bought a scroll labelled HINEMN LIUTIU for 31 gold pieces
  1921 | D:3      | Reached ** piety under Wu Jian
  1959 | D:3      | Found a runed translucent door.
  1960 | D:3      | Noticed Crazy Yiuf
  2049 | D:3      | Noticed Jessica
  2053 | D:3      | Killed Jessica
  2054 | D:3      | Reached skill level 1 in Polearms
  2505 | D:3      | Killed Crazy Yiuf
  2506 | D:3      | Reached XP level 5. HP: 42/42 MP: 5/5
  2587 | D:4      | Identified the +3 scale mail of Wu Jian's Regard {Harm
                  | Int+7}
  2613 | D:4      | Noticed Sigmund
  2624 | D:4      | Killed Sigmund
  2625 | D:4      | Gained mutation: You have a pair of horns on your head.
                  | [demonic ancestry]
  2625 | D:4      | Reached XP level 6. HP: 48/48 MP: 6/6
  2816 | D:4      | Noticed Robin
  2826 | D:4      | Killed Robin
  2827 | D:4      | Reached skill level 5 in Polearms
  3184 | D:5      | Entered Level 5 of the Dungeon
  3265 | D:5      | Reached XP level 7. HP: 54/54 MP: 7/7
  3414 | D:5      | Reached *** piety under Wu Jian
  3415 | D:5      | Reached skill level 5 in Dodging
  3419 | D:5      | Reached skill level 1 in Evocations
  3611 | D:5      | Reached skill level 2 in Evocations
  3730 | D:5      | Reached skill level 3 in Evocations
  3813 | D:5      | Reached XP level 8. HP: 60/60 MP: 8/8
  4097 | D:6      | Reached skill level 4 in Evocations
  4546 | D:6      | Found a basalt altar of Yredelemnul.
  4559 | D:6      | Noticed an angel
  4607 | D:6      | Found a staircase to the Ecumenical Temple.
  4929 | D:7      | Found a sand-covered staircase.
  4934 | Ossuary  | Entered an ossuary
  5166 | Ossuary  | Reached skill level 1 in Armour
  5166 | Ossuary  | Gained mutation: Your demonic aura sometimes causes spilled
                  | blood to erupt in flames. [demonic ancestry]
  5166 | Ossuary  | Reached XP level 9. HP: 62/65 MP: 9/9
  5392 | D:7      | Found Ycethir's Lightly-Used Armoury.
  5448 | D:7      | Reached **** piety under Wu Jian
  6030 | D:8      | Found an ancient bone altar of Kikubaaqudgha.
  6191 | D:8      | Reached skill level 5 in Armour
  6225 | D:8      | Reached skill level 5 in Evocations
  6233 | D:8      | Reached skill level 6 in Evocations
  6243 | D:8      | Reached skill level 7 in Evocations
  6257 | D:8      | Gained mutation: Spells you cast may paralyse nearby
                  | enemies. [demonic ancestry]
  6257 | D:8      | Reached XP level 10. HP: 65/71 MP: 10/10
  6271 | D:8      | Reached skill level 8 in Evocations
  6280 | D:8      | Reached skill level 1 in Spellcasting
  6306 | D:8      | Found a staircase to the Lair.
  6350 | D:8      | Found Aclyu's Jewellery Shop.
  6865 | D:8      | Bought an amulet of reflection for 330 gold pieces
  7144 | D:8      | Reached skill level 5 in Spellcasting
  7534 | D:9      | Found the +9 staff of Olgreb {rPois∞}
  7555 | D:9      | Reached skill level 5 in Fighting
  7566 | D:9      | Found a snail-covered altar of Cheibriados.
  7567 | D:9      | Found a blossoming altar of Fedhas.
  7597 | D:9      | Noticed a black mamba
  7597 | D:9      | Noticed a black mamba
  7607 | D:9      | Found a runed translucent door.
  7610 | D:9      | Found a runed translucent gate.
  7611 | D:9      | Found a runed translucent gate.
  7621 | D:9      | Found a runed translucent gate.
  7623 | D:9      | Noticed a wolf spider
  7623 | D:9      | Noticed a wolf spider
  7632 | D:9      | Found a runed translucent door.
  7653 | D:9      | Reached ***** piety under Wu Jian
  8265 | D:9      | Killed a wolf spider
  8274 | D:9      | Killed a black mamba
  8275 | D:9      | Gained mutation: You are partially covered in razor-sharp
                  | scales. (AC +1, Slay +1) [demonic ancestry]
  8275 | D:9      | Reached XP level 11. HP: 49/86 MP: 18/18
  8297 | D:9      | Killed a wolf spider
  8718 | D:9      | Learned a level 2 spell: Poisonous Vapours
  8767 | D:10     | Entered Level 10 of the Dungeon
  9330 | D:10     | Reached skill level 1 in Poison Magic
  9588 | D:11     | Noticed a two-headed ogre
  9593 | D:11     | Killed a two-headed ogre
  9604 | D:11     | Found a staircase to the Orcish Mines.
  9858 | D:11     | Found Mumir's Armour Shop.
  9917 | D:11     | Reached skill level 5 in Poison Magic
 10281 | D:11     | Noticed a two-headed ogre
 10287 | D:11     | Killed a two-headed ogre
 10288 | D:11     | Reached skill level 9 in Evocations
 10408 | D:12     | Noticed an azure jelly
 10408 | D:12     | Found a runed translucent gate.
 10408 | D:12     | Found a runed translucent gate.
 10411 | D:12     | Killed from afar by a meliai

Illustrated notes

Levels and vault maps discovered:
D:1:      dpeg_arrival_long_road, layout_basic, serial_co_window_serial,
          co_window_corner_a, co_window_of_opportunity_a, co_window_paths_a,
          co_window_paths_a, co_window_paths_a, co_window_paths_b,
          co_window_paths_b, co_window_corner_b, co_window_broadway_a,
          co_window_cross_4, co_window_corner_b, co_window_of_opportunity_c,
          co_window_of_opportunity_b, co_window_of_opportunity_c,
          co_window_paths_e, glass_columns_b, glass_columns_c, glass_columns_a,
          minmay_misc_feat_encased
D:2:      cheibrodos_helix_gallery, layout_loops_ring, serial_shops,
          nicolae_lakefront_shop, shapermc_ecumenical_altar_mp_ritualfount,
          amethyst_killhole
D:3:      layout_basic, minmay_quadrilaterals, uniq_crazy_yiuf_cottage,
          uniq_jessica
D:4:      layout_basic, uniq_robin, uniq_sigmund
D:5:      layout_cave_pods, eino_small_chamber_without_monster, chequers_avenue,
          corexii_item_surrounded_by_moat, minmay_misc_feat_iff
D:6:      layout_cave_pools, grunt_temple_overflow_holy_war,
          minmay_temple_entry_arrows
D:7:      layout_basic, enter_ossuary_5, minmay_shop_damaged
D:8:      layout_basic, mainiacjoe_overflow_boulevard, minmay_lair_entry_grove,
          serial_shops, nicolae_shop_waterfront, chequers_serial_rivers_marsh,
          serial_bayou_ford_a
D:9:      layout_rooms, elyvilon_altar_4, gammafunk_temple_overflow_pools,
          minmay_misc_feat_tiny, nicolae_sextant,
          minmay_guarded_unrand_staff_of_olgreb
D:10:     layout_loops_ring, kennysheep_generic_room_3
D:11:     layout_long_grid, david_orc_2, serial_shops, shop
D:12:     layout_loops_ring, gammafunk_ghost_ooze,
          nicolae_ru_the_path_less_chosen

Skill      XL: |  1  2  3  4  5  6  7  8  9 10 11 |
---------------+----------------------------------+-----
Stealth        | 1 2 |  2.0
Fighting       | 3 4 8 |  8.0
Polearms       | 2 4 5 8 |  8.0
Dodging        | 3 5 8 |  8.0
Evocations     | 3 4 7 8 9 |  9.1
Armour         | 1 5 |  5.0
Spellcasting   | 5 |  5.0
Poison Magic   | 5 |  5.0
Short Blades   | |  2.6
Throwing       | |  1.7

Action                   |  1- 3 |  4- 6 |  7- 9 | 10-12 || total
-------------------------+-------+-------+-------+-------++-------
Melee: Rapier            |    29 |       |       |       ||    29
       Dagger            |    24 |       |       |       ||    24
       Spear             |    61 |   122 |   411 |   264 ||   858
       Punch             |     1 |       |     9 |     2 ||    12
       Headbutt          |       |    12 |    76 |    65 ||   153
       Staff             |       |       |       |    96 ||    96
Throw: Throwing net      |       |     1 |     1 |     1 ||     3
 Cast: Poisonous Vapours |       |       |       |     1 ||     1
Invok: Whirlwind         |       |       |    10 |    10 ||    20
       Lunge             |       |       |     1 |    13 ||    14
 Abil: Evoke the Staff o |       |       |       |     3 ||     3
  Use: Scroll            |     2 |    10 |     9 |     1 ||    22
       Potion            |       |       |       |     4 ||     4
 Stab: Sleeping          |     7 |     7 |       |       ||    14
       Held in net/web   |       |     3 |     1 |     1 ||     5
Armor: Leather armour    |    33 |     6 |       |       ||    39
       Scale mail        |       |    27 |   135 |    88 ||   250
Dodge: Dodged            |    63 |    38 |   233 |   199 ||   533
Block: Other             |       |       |       |    57 ||    57
       Reflection        |       |       |       |     1 ||     1

Table legend: (Time is in decaauts)
 A = Elapsed time spent in this place.
 B = Non-inter-level travel time spent in this place.
 C = Inter-level travel time spent in this place.
 D = Time resting spent in this place.
 E = Time spent auto-exploring this place.
 F = Levels seen in this place.
 G = Mean time per level.
                   A        B        C        D        E       F      G
               +--------+--------+--------+--------+--------+-----+--------+
         Total |  10226 |   9986 |    240 |   1279 |   7075 |  13 |  786.6 |
       Dungeon |   9956 |   9716 |    240 |   1279 |   6925 |  12 |  829.7 |
       Ossuary |    270 |    270 |      0 |      0 |    150 |   1 |  270.0 |
               +--------+--------+--------+--------+--------+-----+--------+

Top non-repeatable levels by time:
     D:8: 1456 daAuts
     D:9: 1212 daAuts
     D:1: 1020 daAuts
     D:5: 901 daAuts
     D:7: 842 daAuts
    D:11: 827 daAuts
    D:10: 810 daAuts
     D:2: 790 daAuts
     D:3: 750 daAuts
     D:6: 719 daAuts
     D:4: 622 daAuts
 Ossuary: 270 daAuts
    D:12: 2 daAuts
